 Dungeon Crawl Stone Soup version 0.18-a0-1044-g2bb894f (webtiles) character file.

176 Kristof the Chopper (level 5, -1/46 HPs)
             Began as a Minotaur Fighter on Jan 11, 2016.
             Slain by an ogre
             ... wielding a +0 giant club
              (12 damage)
             ... on level 4 of the Dungeon.
             The game lasted 00:08:38 (3213 turns).

Kristof the Chopper (Minotaur Fighter)              Turns: 3213, Time: 00:08:38

Health: -1/46      AC:  7    Str: 27    XL:     5   Next: 30%
Magic:  6/6        EV:  8    Int:  5    God:
Gold:   2          SH: 10    Dex:  9    Spells: 0 memorised, 7 levels left

rFire  . . .     SeeInvis .     a - +0 war axe
rCold  . . .     Gourm    .     b - +0 scale mail
rNeg   . . .     Faith    +     c - +0 shield
rPois  +         Spirit   .     (helmet restricted)
rElec  .         Dismiss  .     (no cloak)
rCorr  .         Reflect  .     (no gloves)
SustAt .         Harm     .     (no boots)
MR     .....                    p - amulet of faith
Stlth  ..........               (no ring)
                                u - ring of poison resistance

@: mighty, not resistant to hostile enchantments, extremely unstealthy
A: retaliatory headbutt, horns 2
a: no special abilities


You were on level 4 of the Dungeon.
You were not hungry.

You visited 1 branch of the dungeon, and saw 4 of its levels.

You collected 157 gold pieces.
You spent 155 gold pieces at shops.

Inventory:

Hand Weapons
 a - a +0 war axe (weapon)
 q - a cursed -2 flail
Armour
 b - a +0 scale mail (worn)
 c - a +0 shield (worn)
Jewellery
 p - an amulet of faith (around neck)
 u - a ring of poison resistance (left hand)
Wands
 k - a wand of confusion (13/48)
 n - a wand of flame (27/48)
Scrolls
 i - a scroll of magic mapping
 l - a scroll of enchant weapon {unknown}
 m - 6 scrolls of identify {unknown}
 o - a scroll of enchant armour {unknown}
 s - a scroll of fear {unknown}
 v - 2 scrolls of random uselessness {unknown}
 w - 2 scrolls of remove curse {unknown}
Potions
 d - a potion of might
 e - a potion of invisibility {unknown}
 g - 3 potions of curing {unknown}
 h - a potion of flight {unknown}
 r - a potion of brilliance {unknown}
Comestibles
 f - 3 bread rations
 j - a slice of pizza
 t - 2 chunks of flesh


   Skills:
 + Level 4.1 Fighting
 * Level 4.3 Axes
 + Level 4.1 Armour
 + Level 1.5 Dodging
 + Level 4.0 Shields
 * Level 1.5 Spellcasting
 + Level 0.1 Evocations


You had 7 spell levels left.
You didn't know any spells.

Dungeon Overview and Level Annotations

Branches:
Dungeon (4/15)
 Temple: D:4-7

Altars:
Fedhas
Qazlal
Xom

Shops:
D:4 **


Innate Abilities, Weirdness & Mutations

You reflexively headbutt those who attack you in melee.
You have a pair of horns on your head.


Message History

No target in view!
Found a runed hunting sling.
You hear the slow rusting of a very distant drain.
There is a fountain of clear blue water here.
There is an entrance to Yrutiuh's Assorted Antiques here.
There is a fountain of clear blue water here.
An ogre comes into view. It is wielding a giant club.
The ogre shouts!
You hear a shout! x3
The ogre hits you with a giant club!!
Found a stone staircase leading up.
A gnoll comes into view.
You slash the ogre!
The ogre is heavily wounded.
The ogre hits you with a giant club!
* * * LOW HITPOINT WARNING * * *
Unknown command.
Drink which item? (? for menu, Esc to quit)
You feel very mighty all of a sudden. The ogre hits you with a giant club!
You die...

*,#.#,#.#,,*,*,,,,,* *,*,*
#+#......,,*,#.***** *,*,*
......#.#*,*,#.* *,*,*
......#.##,*,#.* *,*,*******
......#..,,*,#.* *,*,,,,,,,,
........####,#.#### *,**,,,,,,,
#.......'..#,#....#####.**,,,,,,,
###.....##.#,#..........**,,,,,,,
#.....##.#,#..@....g..,,,,,,,,,
#......#.#,#..#O......,,,,,,,,,
###(###..#.#.#..#<......,,,,,,,,,
....###..#.#.#..#.......,,,,,,,,,
<....∩...#.#.#..#.######*********
#........#.#.#..#..,,,,,,,,,,,,,+
..########.#.#..###**************
### #......#.#..# * #.####......#


You could see an ogre and a gnoll.

Vanquished Creatures
  Terence (D:2)
  Natasha (twice) (D:2)
  3 adders
  2 worms
  2 giant geckos
  An orc (D:2)
  2 giant cockroaches (D:2)
  13 goblins
  9 hobgoblins
  4 jackals (D:2)
  5 kobolds
  A quokka (D:3)
  2 ball pythons
  6 bats
  3 giant newts
  8 rats
64 creatures vanquished.

Vanquished Creatures (others)
  Sigmund (D:2)
  Natasha (D:2)
  A bat (D:2)
  A kobold (D:2)
4 creatures vanquished.

Grand Total: 68 creatures vanquished

Notes
Turn   | Place    | Note
--------------------------------------------------------------
     0 | D:1      | Kristof the Minotaur Fighter began the quest for the Orb.
     0 | D:1      | Reached XP level 1. HP: 19/19 MP: 0/0
   224 | D:1      | Reached XP level 2. HP: 25/27 MP: 1/1
  1018 | D:2      | Killed Sigmund
  1133 | D:2      | Reached XP level 3. HP: 29/33 MP: 2/2
  1685 | D:2      | Reached skill level 1 in Dodging
  1885 | D:2      | Noticed Terence
  1901 | D:2      | Killed Terence
  1901 | D:2      | Reached skill level 1 in Spellcasting
  1901 | D:2      | Reached XP level 4. HP: 36/40 MP: 4/4
  1995 | D:2      | Found a faded altar to an unknown god.
  2039 | D:2      | Noticed Natasha
  2045 | D:2      | Killed Natasha
  2045 | D:2      | Reached skill level 4 in Fighting
  2319 | D:2      | Noticed Natasha
  2325 | D:2      | Killed Natasha
  2325 | D:2      | Reached XP level 5. HP: 27/46 MP: 4/6
  2337 | D:2      | Killed Natasha
  2545 | D:3      | Found a shimmering altar of Xom.
  2737 | D:3      | Found a stormy altar of Qazlal.
  2739 | D:3      | Found a blossoming altar of Fedhas.
  3133 | D:4      | Found Bopser's Assorted Antiques.
  3139 | D:4      | Bought a scroll labeled YMAGIDGH FAUK for 31 gold pieces
  3139 | D:4      | Bought a scroll labeled YPOS XYTWIOTS for 31 gold pieces
  3139 | D:4      | Bought a scroll labeled JIRCHI ERHITOSI for 31 gold pieces
  3139 | D:4      | Bought 2 scrolls labeled RECOXO JIOM for 62 gold pieces
  3171 | D:4      | Found Yrutiuh's Assorted Antiques.
  3210 | D:4      | Noticed an ogre
  3213 | D:4      | Slain by an ogre

Vault maps used:
D:1:      elethiomel_arrival_maze
D:2:      kennysheep_the_goblin_king, first_bread, ecumenical_altar_2,
          lemuel_old_faithful, uniq_terence, uniq_natasha, uniq_sigmund
D:3:      grunt_temple_overflow_forces_of_nature, xom_butterflies,
          minmay_shallow_snake_nest
D:4:      serial_shops, shop, shop_fountains,
          nicolae_shop_temple_entry_statues_fountains, gup_sewer_entry_bowl

Action                   |  1- 3 |  4- 6 || total
-------------------------+-------+-------++-------
Melee: War axe           |    86 |    71 ||   157
  Use: Scroll            |       |     1 ||     1
       Potion            |       |     1 ||     1
  Eat: Chunk             |     3 |     4 ||     7
